 Dungeon Crawl Stone Soup version 0.14-a0-3545-g7d9ef9c (webtiles) character file.

437 Psiweapon the Practitioner (level 5, -1/29 HPs)
             Began as a Kobold Healer on Mar 28, 2014.
             Was a Believer of Elyvilon.
             Slain by an ogre
             ... wielding a +0,+0 giant club
              (19 damage)
             ... on Level 4 of the Dungeon.
             The game lasted 00:25:05 (3762 turns).

Psiweapon the Practitioner (Kobold Healer)          Turns: 3762, Time: 00:25:05

HP  -1/29        AC  4     Str 11      XL: 5   Next: 84%
MP   0/9         EV 16     Int 10      God: Elyvilon [**....]
Gold 263         SH  0     Dex 16      Spells:  1 memorised,  3 levels left

rFire  . . .     SeeInvis .     z - +2,+0 dagger
rCold  . . .     Clarity  .     a - +1 robe
rNeg   + . .     Conserve .     (no shield)
rPois  .         rCorr    .     (no helmet)
rElec  .         rRot     .     (no cloak)
SustAb . .       Spirit   +     w - +0 pair of gloves
rMut   .         Warding  .     (no boots)
Saprov + + .     Stasis   .     i - amulet of guardian spirit
MR     .....                    (no ring)
                                o - ring of positive energy {unknown}

@: not resistant to hostile enchantments, stealthy
A: disease resistance, carnivore 3, saprovore 2
a: Lesser Healing, Lesser Self-Healing, Divine Protection, Purification,
Renounce Religion


You were on level 4 of the Dungeon.
You worshipped Elyvilon.
Elyvilon was pleased with you.
You were not hungry.

You visited 1 branch of the dungeon, and saw 4 of its levels.

You collected 263 gold pieces.

Inventory:

Hand weapons
 n - a +1,+2 short sword
 s - a cursed -3,-3 sling
 z - a +2,+0 dagger (weapon)
Missiles
 c - 12 darts (quivered)
 g - 16 bolts of frost
Armour
 a - a +1 robe (worn)
 h - a +0 ring mail
 r - a +0 leather armour
 u - a +0 leather armour
 w - a +0 pair of gloves (worn)
Magical devices
 B - a wand of magic darts (14)
Comestibles
 d - 2 meat rations
Scrolls
 e - a scroll of fog {unknown}
 f - a scroll of noise {unknown}
 j - a scroll of enchant weapon II {unknown}
 p - 3 scrolls of teleportation {unknown}
 q - 2 scrolls of identify {unknown}
 x - a scroll of amnesia {unknown}
 y - a scroll of remove curse {unknown}
Jewellery
 i - an amulet of guardian spirit (around neck)
 m - an uncursed ring of magical power {unknown}
 o - a ring of positive energy (left hand) {unknown}
Potions
 b - 3 potions of curing
 k - a potion of haste {unknown}
 l - a potion of resistance {unknown}
 t - a potion of berserk rage {unknown}
 v - a potion of invisibility {unknown}
 C - a potion of brilliance {unknown}
 D - a potion of agility {unknown}
Books
 A - a book of Conjurations

   Spells                             Type                      Level
   *Magic Dart                        Conjuration                  1
   Searing Ray                        Conjuration                  2
   Dazzling Spray                     Conjuration/Hexes            3
   Fulminant Prism                    Conjuration/Hexes            4
   Iskenderun's Mystic Blast          Conjuration                  4
   Iskenderun's Battlesphere          Conjuration/Charms           5
Magical staves
 E - an uncursed staff of earth {unknown}


   Skills:
 - Level 1.2 Fighting
 - Level 3.4 Dodging
 + Level 3.8 Stealth
 - Level 0.2 Unarmed Combat
 + Level 5.0 Invocations


You had 3 spell levels left.
You knew the following spells:

 Your Spells              Type           Power        Failure   Level  Hunger
a - Magic Dart            Conj           #...         38%         1    ##.....


Dungeon Overview and Level Annotations

Branches:
Dungeon (4/15)
 Temple: D:4-7

Altars:
Vehumet

Annotations:
D:2 exclusion: 4 doors
D:4 exclusion: upstairs


Innate Abilities, Weirdness & Mutations

You recuperate from illness quickly.
You are small and have problems with some larger weapons.
You are carnivorous and can eat meat at any time.
You can eat rotten meat.


Message History

You barely miss the ogre.
The ogre is lightly wounded.
You hear the rapid rusting of a distant drain.
The ogre misses you.
You hit the ogre.
The ogre is lightly wounded.
The ogre closely misses you.
You hit the ogre but do no damage.
The ogre is lightly wounded.
You hit the ogre.
The ogre is lightly wounded.
The ogre hits you with a giant club!
Casting: Magic Dart
Confirm with . or Enter, or press ? or * to list all spells.
You don't know that spell.
Use which ability? (? or * to list)
You are healed.
You feel somewhat more hungry. The ogre hits you with a giant club!
Ouch! That really hurt!
You die...

################ #<.............#
##############.# #.# #.# #.#
##############.##################
................@O............(..
##############.##################
#.# ........z. #.# .#########
############ #.# ########
..........<###.# ..S.....
...............# ########
################ # # #


You could see an ogre.

Vanquished Creatures
  An orc wizard (D:3)
  A worker ant (D:4)
  2 adders (D:2)
  A worm (D:4)
  2 giant geckos
  2 oozes
  12 orcs
  A bat (D:1)
  3 giant cockroaches (D:1)
  3 goblins
  5 hobgoblins
  A kobold (D:3)
  A giant newt (D:1)
  A kobold skeleton (D:4)
  4 rats
40 creatures vanquished.

Vanquished Creatures (others)
  A kobold (D:1)
  A quokka (D:4)
  A giant cockroach (D:2)
  A giant newt (D:1)
  A jackal (D:3)
5 creatures vanquished.

Grand Total: 45 creatures vanquished

Notes
Turn   | Place    | Note
--------------------------------------------------------------
     0 | D:1      | Psiweapon, the Kobold Healer, began the quest for the Orb.
     0 | D:1      | Reached XP level 1. HP: 12/12 MP: 2/2
   365 | D:1      | Reached XP level 2. HP: 6/16 MP: 2/4
   969 | D:1      | Reached XP level 3. HP: 20/20 MP: 3/5
  1428 | D:2      | Reached skill level 1 in Stealth
  1428 | D:2      | Reached skill level 4 in Invocations
  1428 | D:2      | Reached XP level 4. HP: 12/25 MP: 1/7
  2527 | D:3      | Reached XP level 5. HP: 29/29 MP: 9/9
  3000 | D:3      | Learned a level 1 spell: Magic Dart
  3084 | D:4      | Noticed a phantom
  3372 | D:4      | Reached skill level 5 in Invocations
  3552 | D:4      | Found a radiant altar of Vehumet.
  3729 | D:4      | Noticed an ogre
  3762 | D:4      | Slain by an ogre

Action                   |  1- 3 |  4- 6 || total
-------------------------+-------+-------++-------
Melee: Unarmed           |    26 |       ||    26
       Club              |    23 |       ||    23
       Dagger            |    81 |   104 ||   185
       Short sword       |       |   117 ||   117
Throw: Dart              |       |     1 ||     1
Invok: Lesser Healing    |    24 |    50 ||    74
       Lesser Self-Heali |     4 |     9 ||    13
Evoke: Wand              |       |     1 ||     1
  Use: Potion            |     1 |     4 ||     5
 Stab: Sleeping          |       |     5 ||     5
